 Dungeon Crawl Stone Soup version 0.24-a0-471-g3302cd442e (webtiles) character file.

Game seed: 8563176076343371676

1316 mhoghedin the Shield-Bearer (level 8, -4/55 HPs)
             Began as an Octopode Fighter on July 4, 2019.
             Was a Believer of Ru.
             Slain by a sky beast (5 damage)
             ... on level 5 of the Dungeon.
             The game lasted 00:08:30 (5156 turns).

mhoghedin the Shield-Bearer (Octopode Fighter)      Turns: 5156, Time: 00:08:31

Health: -4/55      AC:  1    Str: 17    XL:     8   Next: 59%
Magic:  8/8        EV: 13    Int: 10    God:    Ru [**....]
Gold:   262        SH:  9    Dex: 12    Spells: 7/7 levels left

rFire    . . .     SeeInvis .   a - +0 long sword
rCold    . . .     Gourm    .   b - +0 shield
rNeg     . . .     Faith    .   (helmet restricted)
rPois    .         Spirit   .   (no amulet)
rElec    .         Reflect  .   (no ring)
rCorr    .         Harm     .   (no ring)
MR       .....                  (no ring)
Stlth    +++.......             (no ring)
HPRegen  0.18/turn              (no ring)
MPRegen  0.11/turn              (no ring)
                                (no ring)
                                (no ring)

@: no status effects
A: almost no armour, stealthy swim, amphibious, 8 rings, constrict 8, camouflage
1, gelatinous body 1, unskilled 1
a: Renounce Religion


You were on level 5 of the Dungeon.
You worshipped Ru.
Ru was pleased with you.
You were hungry.

You visited 2 branches of the dungeon, and saw 6 of its levels.

You collected 262 gold pieces.

Inventory:

Hand Weapons
 a - a +0 long sword (weapon)
 r - a +2 hunting sling of velocity
   (You took it off a goblin on level 2 of the Dungeon)
Missiles
 l - 5 javelins (quivered)
 s - 24 sling bullets
Armour
 b - a +0 shield (worn)
Scrolls
 e - 3 scrolls of random uselessness {unknown}
 f - 2 scrolls of teleportation
 g - 2 scrolls of remove curse
 h - 2 scrolls of immolation {!r}
 i - 3 scrolls of blinking {!r}
 j - a scroll of fog
 k - a scroll of enchant weapon {unknown}
Potions
 c - a potion of flight
 m - a potion of might
 n - a potion of curing
 o - a potion of heal wounds
Comestibles
 d - 6 rations


   Skills:
 + Level 5.2 Fighting
 + Level 4.8 Long Blades
 + Level 5.2 Dodging
 - Level 2.4 Stealth
 + Level 5.2 Shields


You had 7 spell levels left.
You didn't know any spells.
Your spell library was empty.

Dungeon Overview and Level Annotations

Branches:
Dungeon (5/15)             Temple (1/1) D:4

Altars:
Ashenzari
Cheibriados
Dithmenos
Elyvilon
Kikubaaqudgha
Makhleb
Nemelex Xobeh
Qazlal
Ru
Sif Muna
Trog
Uskayaw
Vehumet
Wu Jian
Xom
Yredelemnul
Zin
The Shining One

Shops:
D:5 :

Annotations:
D:5 exclusion: jelly


Innate Abilities, Weirdness & Mutations

You cannot wear most types of armour.
You are very stealthy in the water. (Stealth+)
You are amphibious.
You can wear up to eight rings at the same time.
You can use your tentacles to constrict eight enemies at once.
Your skin changes colour to match your surroundings (Stealth+).
Your rubbery body absorbs attacks. (AC +1, EV +1)
You are somewhat unskilled. (-1 Apt)


Message History

There is a stone staircase leading down here.
A jelly comes into view.
The helpless jelly fails to defend itself.
You hit the jelly.
Your tentacles burn!
You squeeze the jelly, but do no damage.
The jelly hits you.
You are splashed with acid!
You take 15 damage, and have 40/55 hp.
MASSIVE DAMAGE!!
You hit the jelly but do no damage.
Your tentacles burn!
You squeeze the jelly, but do no damage.
The jelly barely misses you.
You riposte.
You completely miss the jelly. You squeeze the jelly!
You kill the jelly!
You take 3 damage, and have 37/55 hp.
You start resting.
You are feeling hungry.
You regained 5 hp, and now have 42/55 hp.
You see here a ring mail.
You open the door.
There is an open door here.
You open the door.
There is an open door here.
A frilled lizard comes into view.
You regained 4 hp, and now have 46/55 hp.
A frilled lizard is nearby!
The helpless frilled lizard fails to defend itself.
You hit the frilled lizard.
You kill the frilled lizard!
No target in view!
No target in view!
No target in view!
No target in view!
No target in view!
You open the door.
A worker ant comes into view.
A worker ant is nearby!
There is an open door here.
A sky beast comes into view.
You hit the worker ant. You grab the worker ant. You constrict the worker ant.
You block the worker ant's attack.
You hit the worker ant but do no damage.
You squeeze the worker ant, but do no damage.
You constrict the worker ant. You block the worker ant's attack.
You hit the worker ant. You constrict the worker ant.
The worker ant misses you.
You riposte.
You barely miss the worker ant. The worker ant bites you.
You take 1 damage, and have 47/55 hp.
You slash the worker ant!
You kill the worker ant!
A jelly comes into view.
There are monsters nearby!
You closely miss the sky beast. Your squeeze misses the sky beast.
The sky beast hits you. The sky beast shocks you.
You take 7 damage, and have 41/55 hp.
You hit the sky beast but do no damage. You block the sky beast's attack. x2
Unknown command.
You hit the sky beast.
The sky beast flickers out of sight!
Deactivating autopickup; reactivate with Ctrl-A.
You block something's attack.
You miss something. Your squeeze misses something. Something hits you.
Something shocks you.
You take 7 damage, and have 35/55 hp.
You miss something. You squeeze something! Something hits you.
Something shocks you.
You take 7 damage, and have 28/55 hp.
You are too injured to fight recklessly!
Really walk into a travel-excluded area? [Y]es or [N]o only, please.
Really walk into a travel-excluded area?
Okay, then.
Unknown command.
A sky beast appears from thin air!
Reactivating autopickup.
You block the sky beast's attack.
The sky beast flickers out of sight!
Deactivating autopickup; reactivate with Ctrl-A.
There is an open door here.
You closely miss something. Your squeeze misses something.
You block something's attack.
You barely miss something. Your squeeze misses something.
Something barely misses you. Something hits you. Something shocks you.
You take 9 damage, and have 21/55 hp.
You miss something. Something completely misses you.
You hit something but do no damage. Something hits you. Something shocks you.
* * * LOW HITPOINT WARNING * * *
You take 7 damage, and have 14/55 hp.
You closely miss something. Something hits you.
* * * LOW HITPOINT WARNING * * *
Something shocks you.
* * * LOW HITPOINT WARNING * * *
You take 9 damage, and have 5/55 hp.
You miss something. Your squeeze misses something.
A sky beast appears from thin air!
Reactivating autopickup.
You block the sky beast's attack.
The sky beast flickers out of sight!
Deactivating autopickup; reactivate with Ctrl-A.
Something hits you.
* * * LOW HITPOINT WARNING * * *
Something shocks you.
You die...

#......#### #....#
...# ## #...#!#...# .#
#...###...# .#
#.##≈.....# .# ##
#......# .# #......#
.# ##+##§##+# .#
##########.#.@##
.###.....(##..#.##
8.8........###.##
.⌠.........###..#
∩.8........##'##+##+##
.⌠.........#.........#
8.8........#.8..8..8.#
#..........#.........#
##.........#####'#####


There were no monsters in sight!

Vanquished Creatures
  Prince Ribbit (D:5)
  2 ogres
  A centaur (D:4)
  A wyvern zombie (D:5)
  3 scorpions
  A jelly (D:5)
  A hound (D:4)
  6 orc priests (D:4)
  4 orc wizards (D:4)
  An iguana (D:5)
  4 worker ants
  3 adders
  4 gnolls (D:4)
  An ooze (D:2)
  2 adder skeletons (D:4)
  An adder zombie (D:5)
  3 worms
  A dart slug (D:1)
  2 leopard geckos
  19 orcs
  8 bats
  5 giant cockroaches
  12 hobgoblins
  3 jackals (D:4)
  6 kobolds
  2 quokkas
  3 ball pythons
  7 frilled lizards
  5 goblins
  A leopard gecko skeleton (D:5)
  A quokka skeleton (D:4)
  8 rats
122 creatures vanquished.

Notes
Turn   | Place    | Note
-------+----------+-------------------------------------------
     0 | D:1      | mhoghedin the Octopode Fighter began the quest for the Orb.
     0 | D:1      | Reached XP level 1. HP: 16/16 MP: 1/1
   141 | D:1      | HP: 3/16 [hobgoblin (2)]
   424 | D:1      | You fall into a shaft and drop 1 floor!
   489 | D:2      | Reached XP level 2. HP: 16/21 MP: 2/2
   550 | D:2      | You fall into a shaft and drop 2 floors!
   564 | D:4      | Noticed an ogre
   568 | D:4      | Killed an ogre
   568 | D:4      | Reached XP level 3. HP: 27/27 MP: 3/3
   568 | D:4      | Reached XP level 4. HP: 33/33 MP: 4/4
   573 | D:4      | Reached skill level 3 in Long Blades
   573 | D:4      | Reached XP level 5. HP: 37/37 MP: 5/5
   594 | D:4      | Reached skill level 4 in Shields
   597 | D:4      | Reached skill level 4 in Dodging
   602 | D:4      | Reached skill level 4 in Fighting
   608 | D:4      | Reached XP level 6. HP: 27/43 MP: 6/6
   651 | D:4      | HP: 9/43 [centaur (5)]
  1053 | D:4      | Reached XP level 7. HP: 43/49 MP: 7/7
  1073 | D:4      | Reached skill level 4 in Long Blades
  1183 | D:4      | Reached skill level 1 in Stealth
  1215 | D:4      | Found a staircase to the Ecumenical Temple.
  1224 | Temple   | Entered the Ecumenical Temple
  1468 | Temple   | Became a worshipper of Ru the Awakened
  1665 | D:4      | HP: 11/49 [something (3)]
  1667 | D:4      | Reached skill level 2 in Stealth
  1670 | D:4      | HP: 8/49 [something (3)]
  2389 | D:3      | Reached skill level 5 in Shields
  2769 | D:3      | Reached skill level 5 in Dodging
  2783 | D:3      | Gained mutation: You are somewhat unskilled. (-1 Apt) [Ru
                  | sacrifice]
  2783 | D:3      | Reduced skill Dodging to level 4
  2783 | D:3      | Reduced skill Shields to level 4
  2783 | D:3      | Reached * piety under Ru
  2783 | D:3      | Reached ** piety under Ru
  3268 | D:2      | Found a stormy altar of Qazlal.
  3268 | D:2      | Found a basalt altar of Yredelemnul.
  4258 | D:5      | Entered Level 5 of the Dungeon
  4300 | D:5      | Reached XP level 8. HP: 54/54 MP: 8/8
  4473 | D:5      | Noticed Prince Ribbit
  4487 | D:5      | Killed Prince Ribbit
  4487 | D:5      | Reached skill level 5 in Shields
  4560 | D:5      | Reached skill level 5 in Fighting
  4560 | D:5      | Reached skill level 5 in Dodging
  4747 | D:5      | HP: 13/55 [poisoned by a scorpion]
  5007 | D:5      | Found Bacwac's Book Boutique.
  5155 | D:5      | HP: 11/55 [something (4)]
  5155 | D:5      | HP: 5/55 [something (6)]
  5156 | D:5      | HP: 1/55 [something (4)]
  5156 | D:5      | Slain by a sky beast

Levels and vault maps discovered:
D:1:      minmay_arrival_three_doors, layout_loops_corners
D:2:      layout_rooms, gammafunk_temple_overflow_pools, kennysheep_nondescript
D:3:      layout_basic
D:4:      layout_loops_cross, minmay_temple_entry_proselytizer
D:5:      minmay_chambers_of_threes, layout_rooms, first_ration, serial_shops,
          nicolae_shop_temple_entry_statues_fountains, roderic_serpentine_path,
          uniq_prince_ribbit1
Temple:   eino_temple_scatter_basement

Skill      XL: |  1  2  3  4  5  6  7  8 |
---------------+-------------------------+-----
Long Blades    | 3 4 |  4.8
Shields        | 4 4 5 |  5.2
Dodging        | 4 4 5 |  5.2
Fighting       | 4 5 |  5.2
Stealth        | 2 |  2.4

Action                   |  1- 3 |  4- 6 |  7- 9 || total
-------------------------+-------+-------+-------++-------
Melee: Long sword        |    21 |    37 |   169 ||   227
       Constrict         |     8 |    13 |    50 ||    71
       Tentacles         |     7 |    11 |    42 ||    60
Invok: Sacrifice Skill   |       |       |     1 ||     1
  Use: Potion            |       |     1 |     5 ||     6
       Scroll            |       |       |     7 ||     7
 Stab: Sleeping          |     4 |     1 |    25 ||    30
  Eat: Chunk             |       |       |     6 ||     6
       Ration            |       |       |     2 ||     2
Armor: Skin              |       |     1 |     7 ||     8
Dodge: Dodged            |    11 |    24 |    73 ||   108
Block: Shield            |     4 |    26 |    63 ||    93
       Rpst.: Long sword |     2 |     6 |    22 ||    30

Table legend:
 A = Non-vault XP
 B = Vault XP
 C = Vault XP percentage of total XP
 D = Non-vault monster count
 E = Vault monster count
 F = Vault count percentage of total count
                 A         B        C        D         E       F
            +---------+---------+-------+---------+---------+-------
      Total |    1521 |     359 |  19.1 |     118 |       4 |   3.3
            +---------+---------+-------+---------+---------+-------
        D:1 |      36 |       0 |   0.0 |      21 |       0 |   0.0
        D:2 |      32 |       0 |   0.0 |      15 |       0 |   0.0
        D:3 |      65 |       0 |   0.0 |      28 |       0 |   0.0
        D:4 |     948 |      41 |   4.1 |      45 |       1 |   2.2
        D:5 |     440 |     318 |  42.0 |       9 |       3 |  25.0
            +---------+---------+-------+---------+---------+-------

Levels and vault maps discovered:
D:1:      minmay_arrival_three_doors, layout_loops_corners
D:2:      layout_rooms, gammafunk_temple_overflow_pools, kennysheep_nondescript
D:3:      layout_basic
D:4:      layout_loops_cross, minmay_temple_entry_proselytizer
D:5:      minmay_chambers_of_threes, layout_rooms, first_ration, serial_shops,
          nicolae_shop_temple_entry_statues_fountains, roderic_serpentine_path,
          uniq_prince_ribbit1
Temple:   eino_temple_scatter_basement

Table legend:
 A = Turns spent in this place as a percentage of turns spent in the entire game.
 B = Non-inter-level travel turns spent in this place as a percentage of non-inter-level travel turns spent in the entire game.
 C = Inter-level travel turns spent in this place as a percentage of turns spent in this place.
 D = Turns resting spent in this place as a percentage of non-inter-level travel turns spent in this place.
 E = Turns spent auto-exploring this place as a percentage of non-inter-level travel turns spent in this place.
 F = Non-inter-level travel turns spent in this place divided by the number of levels of this place that you've seen.
                   A       B       C       D       E      F
               +-------+-------+-------+-------+-------+----------------------
         Total | 100.0 | 100.0 |   5.9 |  30.0 |  53.0 | 808.5
       Dungeon |  95.0 |  95.5 |   5.4 |  31.4 |  52.0 | 926.6
        Temple |   5.0 |   4.5 |  14.8 |   0.0 |  74.3 | 218.0
               +-------+-------+-------+-------+-------+----------------------

Table legend:
 A = Kills in this place as a percentage of kills in entire the game.
 B = Kills by you in this place as a percentage of kills by you in the entire game.
 C = Kills by friends in this place as a percentage of kills by friends in the entire game.
 D = Other kills in this place as a percentage of other kills in the entire game.
 E = Experience gained in this place as a percentage of experience gained in the entire game.
 F = Experience gained in this place divided by the number of levels of this place that you have seen.
                   A       B       C       D       E      F
               +-------+-------+-------+-------+-------+----------------------
         Total | 100.0 | 100.0 |   N/A |   N/A | 100.0 | 313.3
       Dungeon | 100.0 | 100.0 |   N/A |   N/A | 100.0 | 376.0
               +-------+-------+-------+-------+-------+----------------------
